 Dungeon Crawl Stone Soup version 0.28.0 (webtiles) character file.

Game seed: 17392912054526089236

120 H0rd4k the Magician (level 4, -3/24 HPs)
             Began as a Deep Elf Hedge Wizard on Feb 10, 2022.
             Slain by a gnoll (5 damage)
             ... on level 3 of the Dungeon.
             The game lasted 00:02:48 (3613 turns).

H0rd4k the Magician (Deep Elf Hedge Wizard)         Turns: 3613, Time: 00:02:49

Health: -3/24      AC:  2    Str:  7    XL:     4   Next: 75%
Magic:  9/14       EV: 12    Int: 21    God:
Gold:   119        SH:  0    Dex: 14    Spells: 6/15 levels left

rFire   . . .      SeeInvis .   a - +0 dagger
rCold   . . .      Faith    .   (no shield)
rNeg    . . .      Spirit   .   b - +0 robe
rPois   .          Reflect  .   c - +0 hat
rElec   .          Harm     .   (no cloak)
rCorr   .          Rampage  .   (no gloves)
Will    .....                   (no boots)
Stlth   ++........              n - amulet of magic regeneration
HPRegen 0.08/turn               (no ring)
MPRegen 0.54/turn               (no ring)

@: no status effects
A: no striking features
a: no special abilities


You were on level 3 of the Dungeon.
You visited 1 branch of the dungeon, and saw 4 of its levels.

You collected 119 gold pieces.

Inventory:

Hand Weapons
 a - a +0 dagger (weapon)
Missiles
 t - 4 curare-tipped darts
Armour
 b - a +0 robe (worn)
 c - a +0 hat (worn)
Magical Staves
 r - a staff of cold
Jewellery
 n - an amulet of magic regeneration (around neck)
Scrolls
 e - 2 scrolls of fog {unknown}
 g - a scroll of immolation {unknown}
 i - 2 scrolls of teleportation {unknown}
 k - a scroll of blinking {unknown}
 o - 4 scrolls of identify {unknown}
 q - a scroll of summoning {unknown}
 s - a scroll of amnesia {unknown}
Potions
 d - 2 potions of curing {unknown}
 f - a potion of might
 h - 2 potions of haste {unknown}
 j - a potion of degeneration {unknown}
 l - a potion of attraction {unknown}
 m - a potion of invisibility {unknown}
 p - a potion of lignification {unknown}
 u - a potion of brilliance {unknown}
 v - a potion of mutation {unknown}


   Skills:
 + Level 2.7 Dodging
 - Level 2.4 Stealth
 + Level 6.1 Spellcasting
 + Level 1.9 Conjurations
 + Level 1.1 Summonings
 + Level 2.0 Translocations
 * Level 0.5 Fire Magic
 * Level 0.5 Air Magic
 * Level 1.6 Poison Magic


You had 6 spell levels left.
You knew the following spells:

 Your Spells              Type           Power      Damage    Failure   Level
a - Magic Dart            Conj           56%        1d5       4%          1
b - Blink                 Tloc           28%        N/A       6%          2
c - Conjure Flame         Conj/Fire      11%        6-21      17%         3
d - Mephitic Cloud        Conj/Pois/Air  12%        N/A       17%         3

Your spell library contained the following spells:

 Spells                   Type           Power      Damage    Failure   Level
 Slow                     Hex            24%        N/A       10%         1
 Call Imp                 Summ           11%        N/A       10%         2


Dungeon Overview and Level Annotations

Branches:
Dungeon (4/15)
 Temple: D:4-7

Altars:
Dithmenos
Kikubaaqudgha
Nemelex Xobeh
Vehumet

Annotations:
D:3 exclusion: downstairs


Message History

The magic dart hits the endoplasm.
You kill the endoplasm!
The magic dart hits the gnoll but does no damage.
The magic dart hits the gnoll but does no damage.
The gnoll barely misses you.
The magic dart hits the gnoll but does no damage.
The gnoll closely misses you.
The magic dart hits the gnoll.
The gnoll is lightly wounded.
The gnoll misses you.
The magic dart hits the gnoll but does no damage.
The gnoll is lightly wounded.
The gnoll hits you with a +0 club.
The magic dart hits the gnoll.
The gnoll is lightly wounded.
The gnoll hits you with a +0 club.
The magic dart hits the gnoll.
The gnoll is heavily wounded.
The gnoll hits you but does no damage.
The magic dart hits the gnoll.
The gnoll is heavily wounded.
The gnoll misses you.
The magic dart hits the gnoll.
The gnoll is severely wounded.
The gnoll hits you with a +0 club.
You are too injured to fight recklessly!
You are too injured to fight recklessly!
You are too injured to fight recklessly!
Casting: Magic Dart (safe; 4% risk of failure)
Confirm with . or Enter, or press ? or * to list all spells.
Aiming: Magic Dart (safe; 4% risk of failure)
Press: ? - help, Shift-Dir - straight line, f/p - gnoll
Aim: a gnoll, wielding a +0 club (severely wounded, 100% to hit)
The magic dart hits the gnoll but does no damage.
The gnoll is severely wounded.
The gnoll hits you with a +0 club!
* * * LOW HITPOINT WARNING * * *
Unknown command.
The gnoll hits you with a +0 club.
You die...

........## #######
.........## #.....#
..........###.....#
........#.........#
.....##...........#
.....#....†.......#
.....)............#
.....#.##....##..##
.....#.#########@#
.......# #g#
......## #.#
.....###########.#
......##.........#
.................#
....###..........#
...####..........#
######...........#


You could see a gnoll.

Vanquished Creatures
  Jessica (D:3)
  3 adders (D:3)
  3 dart slugs
  6 bats
  9 endoplasms
  A giant cockroach (D:1)
  5 goblins
  3 hobgoblins
  4 jackals (D:3)
  3 kobolds
  3 quokkas
  10 ball pythons
  2 frilled lizards (D:1)
  2 rats (D:1)
55 creatures vanquished.

Notes
Turn   | Place    | Note
-------+----------+-------------------------------------------
     0 | D:1      | H0rd4k the Deep Elf Hedge Wizard began the quest for the
                  | Orb.
     0 | D:1      | Reached XP level 1. HP: 10/10 MP: 7/7
   201 | D:1      | Reached skill level 5 in Spellcasting
   444 | D:1      | Reached XP level 2. HP: 15/15 MP: 7/10
  1385 | D:2      | Reached XP level 3. HP: 19/19 MP: 9/12
  1388 | D:2      | Learned a level 2 spell: Blink
  1392 | D:2      | Learned a level 3 spell: Conjure Flame
  1396 | D:2      | Learned a level 3 spell: Mephitic Cloud
  1809 | D:2      | Found a faded altar of an unknown god.
  2364 | D:3      | Noticed Jessica
  2371 | D:3      | Killed Jessica
  2372 | D:3      | Reached XP level 4. HP: 24/24 MP: 5/13
  2377 | D:3      | Reached skill level 1 in Poison Magic
  2606 | D:3      | Found a radiant altar of Vehumet.
  2644 | D:3      | Reached skill level 6 in Spellcasting
  2978 | D:3      | Found a sparkling altar of Nemelex Xobeh.
  3083 | D:3      | Found a faded altar of an unknown god.
  3084 | D:3      | Found an ancient bone altar of Kikubaaqudgha.
  3097 | D:3      | Found a shadowy altar of Dithmenos.
  3613 | D:3      | Slain by a gnoll

Illustrated notes

Levels and vault maps discovered:
D:1:      dpeg_arrival_leaves_temple_mockup, layout_loops_ring
D:2:      layout_basic, chequers_ecumenical_altar_simple_redux
D:3:      layout_rooms, mainiacjoe_overflow_alcove_2,
          nemelex_xobeh_ov_fountains_minmay, nicolae_overflow_ecumenical_swirl,
          vehumet_crystals, uniq_jessica
D:4:      layout_loops_cross, serial_shops, nicolae_square_shop,
          kennysheep_path_1

Skill      XL: |  1  2  3  4 |
---------------+-------------+-----
Spellcasting   | 5 6 |  6.1
Translocations | 2 |  2.0
Poison Magic   | 1 |  1.6
Dodging        | |  2.7
Stealth        | |  2.4
Conjurations   | |  1.9
Summonings     | |  1.1
Fire Magic     | |  0.5
Air Magic      | |  0.5

Action                   |  1- 3 |  4- 6 || total
-------------------------+-------+-------++-------
 Cast: Magic Dart        |    91 |    69 ||   160
       Blink             |       |     2 ||     2
Armor: Robe              |     1 |     5 ||     6
Dodge: Dodged            |    10 |    18 ||    28
